AoeStats
← 沒起房子我日

Nomad

509818639Analyzed
4v4 RM · 3d ago on Sep 28, 2026· 41m 51s· 8 players
Game mode
Random Map
Map size
231×231
Population
200
Speed
Normal
Resources
Standard
Victory
Conquest
Starting age
Dark Age
Ending age
Imperial Age
RankedLock teamsTeams togetherTeam positionsShared explorationLock speedFull tech treeHidden civsTurbo modeCheats
Victory
Defeat
🇨🇴 Wu · Colombia
1563
+14
🇹🇼 Varangians · Taiwan
1516
+16
🇨🇳 Georgians · China
1507
+16
🇻🇳 Gurjaras · Vietnam
1441
+19
🇵🇪 Spanish · Peru
1577
-19
🇬🇹 Malians · Guatemala
1514
-16
🇬🇹 Vikings · Guatemala
1510
-16
1455
-14
逝
6:25 Loom
13:15 Feudal Age
14:41 Wheelbarrow
13:52 Double-Bit Axe
14:20 Gold Mining
17:00 Town Watch
21:13 Castle Age
20:21 Stone Mining
20:15 Horse Collar
20:27 Fishing Lines
23:04 Hand Cart
24:13 Stone Shaft Mining
30:21 Bow Saw
35:03 Imperial Age
33:32 Scale Barding Armor
33:37 Forging
34:33 Svan Towers
35:20 Bloodlines
35:10 Husbandry
35:57 Chain Barding Armor
36:12 Iron Casting
36:46 Conscription
37:14 Plate Barding Armor
36:27 Elite Monaspa
42:15 Blast Furnace
thanh7531
2:55 Loom
13:57 Feudal Age
15:23 Town Watch
16:14 Wheelbarrow
16:37 Forging
22:30 Castle Age
21:11 Double-Bit Axe
22:13 Scale Barding Armor
23:24 Bloodlines
23:16 Husbandry
39:42 Horse Collar
Lena
4:55 Loom
11:35 Feudal Age
12:06 Double-Bit Axe
12:11 Town Watch
13:46 Fletching
14:17 Town Watch
17:50 Wheelbarrow
21:19 Castle Age
19:35 Fishing Lines
21:19 Scale Mail Armor
21:22 Pikeman
32:12 Bow Saw
40:21 Gillnets
沒起房子我日
13:43 Feudal Age
13:42 Loom
17:36 Castle Age
16:24 Double-Bit Axe
18:29 Bow Saw
18:33 Medium Warships
19:08 Bow Saw
19:55 Horse Collar
20:18 Fishing Lines
23:16 Wheelbarrow
23:21 Heavy Plow
23:40 Gillnets
24:23 Town Watch
26:08 Gold Mining
26:33 Stone Mining
27:25 Hand Cart
31:26 Imperial Age
29:14 Scale Barding Armor
29:37 Bloodlines
29:45 Husbandry
30:07 Vendel Legacy
31:40 Chain Barding Armor
31:31 Forging
31:43 Cavalier
32:59 Conscription
33:58 Plate Barding Armor
35:12 Iron Casting
37:00 Blast Furnace
39:21 Stone Shaft Mining
39:11 Fletching
41:52 Siege Engineers
41:30 Treadmill Crane
42:08 Bodkin Arrow
|FMG| Donde Estan Mis 5 Pizzas
4:43 Loom
12:48 Feudal Age
13:13 Fishing Lines
14:24 Double-Bit Axe
15:58 Fletching
16:19 Forging
17:36 Forging
23:06 Castle Age
24:12 Bow Saw
24:28 Bodkin Arrow
25:28 Wheelbarrow
25:08 Horse Collar
26:38 Padded Archer Armor
29:15 Leather Archer Armor
31:50 Town Watch
35:23 Hand Cart
LvSP| SteveAnd
4:22 Loom
4:33 Loom
4:43 Loom
13:00 Feudal Age
13:37 Double-Bit Axe
17:54 Castle Age
16:41 Scale Barding Armor
17:12 Forging
16:53 Horse Collar
19:36 Gold Mining
30:30 Stone Mining
30:53 Squires
31:15 Heavy Plow
34:25 Pikeman
34:54 Arson
35:30 Bow Saw
36:42 Town Watch
37:59 Town Patrol
39:01 Scale Mail Armor
39:37 Iron Casting
LvSP | DeathThunder
6:13 Loom
13:25 Feudal Age
17:24 Castle Age
16:46 Stone Mining
19:49 Wheelbarrow
20:40 Loom
22:08 Forging
27:43 Double-Bit Axe
27:41 Horse Collar
29:30 Fletching
30:01 Heavy Plow
30:31 Bodkin Arrow
33:29 Gold Mining
37:42 Imperial Age
36:32 Hand Cart
38:15 Bow Saw
38:23 Scale Barding Armor
38:54 Iron Casting
38:50 Farimba
40:11 Chain Barding Armor
40:13 Squires
40:53 Town Watch
41:19 Bloodlines
41:10 Husbandry
41:59 Gold Shaft Mining
41:42 Town Patrol
41:38 Heavy Camel Rider
LvSP | cePeD
14:30 Feudal Age
12:56 Loom
14:41 Feudal Age
18:48 Castle Age
16:39 Double-Bit Axe
17:33 Gold Mining
18:52 Town Watch
19:42 Wheelbarrow
28:31 Padded Archer Armor
32:59 Horse Collar
34:13 Bow Saw
34:10 Heavy Plow
Connection lost

Rejoining the realm…

Still unreachable

The connection could not be restored.

Session expired

The server has moved on; the page needs a fresh start.